 Dungeon Crawl Stone Soup version 0.28.0-53-g5a82cb258f (webtiles) character file.

Game seed: 16903622696173451764

2450 Infinimo the Basher (level 9, -9/67 (97) HPs)
             Began as an Ogre Gladiator on June 3, 2022.
             Was a Priest of Okawaru.
             Mangled by a wight
             ... wielding a +5 halberd
              (17 damage)
             ... on level 6 of the Dungeon.
             The game lasted 00:10:52 (11572 turns).

Infinimo the Basher (Ogre Gladiator)               Turns: 11572, Time: 00:10:53

HP:   -9/67 (97)    AC:  3    Str: 24    XL:     9   Next: 49%
MP:   9/9           EV: 11    Int:  9    God:    Okawaru [***...]
Gold: 230           SH:  0    Dex: 10    Spells: 8/8 levels left

rFire   . . .      SeeInvis .   q - +0 whip (elec)
rCold   . . .      Faith    .   (no shield)
rNeg    . . .      Spirit   .   b - +0 robe
rPois   .          Reflect  .   c - +0 hat
rElec   .          Harm     .   (no cloak)
rCorr   .          Rampage  .   (gloves unavailable)
Will    .....                   (boots unavailable)
Stlth   +.........              (no amulet)
HPRegen 0.21/turn               (no ring)
MPRegen 0.11/turn               (no ring)

@: very heavily drained
A: large, unfitting armour, tough skin 1
a: Renounce Religion, Heroism


You were on level 6 of the Dungeon.
You worshipped Okawaru.
Okawaru was most pleased with you.
You visited 1 branch of the dungeon, and saw 6 of its levels.

You collected 230 gold pieces.

Inventory:

Hand Weapons
 a - a +0 short sword of venom
 e - a +0 vorpal flail
 q - a +0 whip of electrocution (weapon)
 v - a +0 giant spiked club
Armour
 b - a +0 robe (worn)
 c - a +0 hat (worn)
Jewellery
 p - a ring of flight
Wands
 f - a wand of mindburst (7)
 h - a wand of iceblast (9)
 w - a wand of digging (7)
Scrolls
 t - a scroll of amnesia
Potions
 d - a potion of lignification
 i - 2 potions of flight
 m - a potion of resistance
 n - 3 potions of curing
 o - 2 potions of brilliance
 r - a potion of attraction {unknown}
 u - a potion of mutation {unknown}


   Skills:
 + Level 8.6 Fighting
 * Level 8.6 Maces & Flails
 - Level 2.0 Throwing
 + Level 6.3 Dodging


You had 8 spell levels left.
You didn't know any spells.
Your spell library contained the following spells:

 Spells                   Type           Power      Damage    Failure   Level
 Borgnjor's Vile Clutch   Necr/Erth      0%         N/A       100%        5
 Animate Dead             Necr           Unusable   N/A       N/A         4
 Death Channel            Necr           Unusable   N/A       N/A         6

Dungeon Overview and Level Annotations

Branches:
Dungeon (6/15)
 Temple: D:4-7

Altars:
Hepliaklqana
Okawaru
Sif Muna
Uskayaw
The Shining One

Shops:
D:4 =


Innate Abilities, Weirdness & Mutations

You are too large for most types of armour.
You have tough skin. (AC +1)


Message History

You start resting.
HP restored.
You climb downwards.
The wight misses you.
There is a stone staircase leading up, spattered with blood here.
The wight hits you with a +5 halberd!
You feel drained.
You hit the wight.
The wight is moderately damaged.
You closely miss the wight.
The wight is moderately damaged.
The wight closely misses you.
You closely miss the wight.
The wight is moderately damaged.
The wight barely misses you.
You hit the wight but do no damage.
The wight is moderately damaged.
You whack the wight!
The wight is severely damaged.
The wight hits you with a +5 halberd.
You barely miss the wight.
The wight is severely damaged.
The wight hits you with a +5 halberd!
You feel drained.
You hit the wight.
The wight is almost destroyed.
You closely miss the wight.
The wight is almost destroyed.
The wight hits you with a +5 halberd!
You feel drained.
You are too injured to fight recklessly!
You are too injured to fight recklessly!
You barely miss the wight.
The wight is almost destroyed.
The wight hits you with a +5 halberd!
* * * LOW HITPOINT WARNING * * *
You feel drained.
Okay, then.
You hit the wight but do no damage.
The wight is almost destroyed.
You barely miss the wight.
The wight is almost destroyed.
The wight hits you with a +5 halberd!
You die...

#.# ##.....##
###.# #.# ..#
##...## ##.# #.#
### ##'## #..# #.#
#)# #.## #.. #.#
#.# #.. ##.## #.#
##. ##...##
######.# #.
########.....#
#<[....# #.
.......##...##
#@###### #†
.....#.###.#####z#
#.
.###........z....#
#(
.#####.###.#######
## .......# #.#
######## #z# #z#
#.# #.#


You could see a wight.

Vanquished Creatures
  Pikel (D:4)
  Grinder (D:4)
  A water moccasin (D:5)
  2 black bears
  3 ogres
  3 lemures
  A wyvern zombie (D:5)
  2 scorpions
  A gnoll sergeant (D:6)
  A water moccasin skeleton (D:5)
  2 killer bees (D:6)
  4 wights
  A bullfrog zombie (D:6)
  2 hounds (D:5)
  2 jellies
  A centaur skeleton (D:4)
  2 orc priests
  2 bullfrog skeletons (D:5)
  3 orc wizards
  A killer bee zombie (D:5)
  A hound skeleton (D:5)
  A howler monkey zombie (D:4)
  14 gnolls
  3 adders
  A white imp (D:6)
  An ufetubus (D:5)
  An adder skeleton (D:4)
  2 worms
  4 dart slugs
  12 orcs
  4 ball pythons
  7 endoplasms
  2 giant cockroaches
  7 goblins
  6 hobgoblins
  9 jackals
  4 quokkas
  6 bats
  5 frilled lizards
  10 kobolds
  9 rats
145 creatures vanquished.

Notes
Turn   | Place    | Note
-------+----------+-------------------------------------------
     0 | D:1      | Infinimo the Ogre Gladiator began the quest for the Orb.
     0 | D:1      | Reached XP level 1. HP: 22/22 MP: 1/1
    28 | D:1      | Reached XP level 2. HP: 10/31 MP: 2/2
   671 | D:1      | Reached XP level 3. HP: 17/37 MP: 3/3
  1934 | D:2      | Reached XP level 4. HP: 31/48 MP: 4/4
  2937 | D:2      | Reached XP level 5. HP: 42/54 MP: 5/5
  4084 | D:3      | Found a faded altar of an unknown god.
  4236 | D:3      | Found a glowing golden altar of the Shining One.
  4354 | D:3      | HP: 2/55 [poisoned by an adder]
  4659 | D:4      | Reached XP level 6. HP: 46/63 MP: 6/6
  5501 | D:4      | Reached skill level 5 in Fighting
  5501 | D:4      | Reached skill level 5 in Maces & Flails
  5567 | D:4      | Found Memo's Jewellery Shop.
  5627 | D:4      | Noticed Pikel
  6161 | D:4      | Found an iron altar of Okawaru.
  6174 | D:4      | Became a worshipper of Warmaster Okawaru
  6236 | D:4      | Reached XP level 7. HP: 70/72 MP: 7/7
  6277 | D:4      | Noticed Grinder
  6294 | D:4      | Killed Grinder
  6530 | D:4      | Killed Pikel
  6530 | D:4      | Reached * piety under Okawaru
  6530 | D:4      | Reached ** piety under Okawaru
  6531 | D:4      | Reached skill level 5 in Dodging
  6531 | D:4      | Reached XP level 8. HP: 34/84 MP: 8/8
  6835 | D:5      | Entered Level 5 of the Dungeon
  6987 | D:5      | Noticed a wraith
  7684 | D:5      | Reached *** piety under Okawaru
  7685 | D:5      | Reached XP level 9. HP: 89/94 MP: 9/9
 10491 | D:6      | Found a shimmering blue altar of Sif Muna.
 10494 | D:6      | Found a hide-covered altar of Uskayaw.
 10494 | D:6      | Found a hazy altar of Hepliaklqana.
 11572 | D:6      | Mangled by a wight

Illustrated notes

Levels and vault maps discovered:
D:1:      dpeg_arrival_rhombus, layout_loops_cross,
          chequers_serial_rivers_room_b, chequers_serial_rivers_micro_b,
          bh_walls_and_bars
D:2:      layout_loops_ring, corexii_item_surrounded_by_moat,
          kennysheep_generic_room_8
D:3:      layout_rooms, nicolae_tso_carved_into_rock,
          shapermc_ecumenical_altar_ellora
D:4:      layout_basic, marbit_many_paths, serial_shops, kennysheep_mini,
          uniq_pikel, uniq_grinder
D:5:      layout_rooms, lightli_corner_chamber
D:6:      layout_loops_corners, chequers_temple_overflow_statue_of_worship

Skill      XL: |  1  2  3  4  5  6  7  8  9 |
---------------+----------------------------+-----
Fighting       | 3 4 5 6 7 8 |  8.6
Maces & Flails | 3 4 5 6 7 8 |  8.6
Dodging        | 3 4 5 6 |  6.3
Throwing       | |  2.0

Action                   |  1- 3 |  4- 6 |  7- 9 || total
-------------------------+-------+-------+-------++-------
Melee: Flail             |   129 |    79 |    11 ||   219
       Short sword       |    10 |   160 |    10 ||   180
       Punch             |     1 |     3 |     3 ||     7
       Whip              |       |       |   256 ||   256
Throw: Throwing net      |       |     1 |     3 ||     4
  Use: Scroll            |     2 |     3 |     8 ||    13
       Potion            |       |     2 |       ||     2
 Stab: Sleeping          |       |     1 |       ||     1
       Held in net/web   |       |     2 |     3 ||     5
Armor: Robe              |    60 |    52 |    16 ||   128
Dodge: Dodged            |    83 |   112 |   128 ||   323
